 Dungeon Crawl Stone Soup version 0.31-a0-705-ga145531891 (webtiles) character file.

Game seed: 14332253762298380745

3081 arthad the Arsonist (level 9, -15/71 HPs)
             Began as a Red Draconian Fire Elementalist on Sept 9, 2023.
             Was a Believer of Vehumet.
             Engulfed by a cloud of acidic fog (30 damage)
             ... on level 7 of the Dungeon.
             The game lasted 00:18:17 (8488 turns).

arthad the Arsonist (DrFE)                          Turns: 8488, Time: 00:18:18

Health: -15/71     AC: 10    Str: 12    XL:     9   Next: 58%
Magic:  10/17      EV: 12    Int: 25    God:    Vehumet [**....]
Gold:   191        SH:  5    Dex: 11    Spells: 4/19 levels left

rFire   + + +        s - staff of fire
rCold   . . .        e - +1 buckler {AC+3}
rNeg    . . .        (body armour unavailable)
rPois   .            (helmet restricted)
rElec   .            (no cloak)
rCorr   .            (no gloves)
SInv    .            (no boots)
Will    .....        (no amulet)
Stlth   ++           K - ring of protection from fire
HPRegen 0.31/turn    g - +6 ring of intelligence
MPRegen 0.15/turn

%: no passive effects
@: no status effects
A: breathe fire, AC +7, unfitting armour, fire resistance 1, cold-blooded
a: Breathe Fire, Renounce Religion


You were on level 7 of the Dungeon.
You worshipped Vehumet.
Vehumet was pleased with you.
You visited 2 branches of the dungeon, and saw 8 of its levels.

You collected 191 gold pieces.

Inventory:

Hand Weapons
 p - a +1 whip of venom
 y - a +0 flail of holy wrath
 F - a +0 dagger of electrocution
Missiles
 m - 3 javelins
 o - 26 poisoned darts
 J - 3 curare-tipped darts
Armour
 e - a +1 buckler of protection (worn)
 i - the +0 robe "Qocugu" {Drain rPois rF+ MP+9}
   (You found it on level 2 of the Dungeon)

   rF+:       It protects you from fire.
   rPois:     It protects you from poison MP+9: It affects your magic capacity
   (+9).
   Drain:     It drains your maximum health when unequipped.
Magical Staves
 s - a staff of fire (weapon)
 z - a staff of poison
Jewellery
 f - a ring of positive energy
 g - a +6 ring of intelligence (right hand)
 K - a ring of protection from fire (left hand)
Wands
 k - a wand of polymorph (9)
 G - a wand of flame (31)
 L - a wand of roots (3)
Scrolls
 b - 11 scrolls of identify {unknown}
 d - 4 scrolls of fog {unknown}
 q - a scroll of amnesia {unknown}
 v - 3 scrolls of teleportation {unknown}
 x - a scroll of immolation {unknown}
 A - a scroll of enchant weapon {unknown}
 C - 2 scrolls of noise {unknown}
 E - a scroll of revelation {unknown}
 H - a scroll of blinking {unknown}
Potions
 a - a potion of magic
 c - a potion of attraction {unknown}
 h - 3 potions of haste {unknown}
 j - 3 potions of lignification {unknown}
 l - 3 potions of curing
 n - 2 potions of heal wounds {unknown}
 r - a potion of berserk rage {unknown}
 t - a potion of cancellation {unknown}
 u - a potion of invisibility {unknown}
 w - a potion of mutation {unknown}
 B - a potion of might {unknown}
 D - a potion of enlightenment {unknown}
 I - 2 potions of resistance


   Skills:
 + Level 4.2 Fighting
 + Level 4.3 Dodging
 + Level 4.5 Stealth
 + Level 3.9 Shields
 * Level 5.8 Spellcasting
 * Level 6.0 Conjurations
 * Level 8.2 Fire Magic
 + Level 0.0 Air Magic
 + Level 0.0 Poison Magic


You had 4 spell levels left.
You knew the following spells:

 Your Spells              Type           Power      Damage    Failure   Level
a - Foxfire               Conj/Fire      100%       2x1d9     1%          1
b - Scorch                Fire           100%       2d9       1%          2
c - Flame Wave            Conj/Fire      59%        2d14      5%          4
d - Inner Flame           Hex/Fire       41%        N/A       6%          3
e - Volatile Blastmotes   Fire/Tloc      82%        2d16      6%          3
f - Poisonous Vapours     Pois/Air       14%        N/A       16%         2

Your spell library contained the following spells:

 Spells                   Type           Power      Damage    Failure   Level
 Kiss of Death            Conj/Necr      88%        2d12      3%          1
 Apportation              Tloc           14%        N/A       11%         1
 Necrotise                Necr           28%        1d5       11%         1
 Summon Small Mammal      Summ           28%        N/A       11%         1
 Wereblood                Tmut           7%         N/A       16%         2
 Confusing Touch          Hex            7%         N/A       30%         3
 Dispel Undead            Necr           7%         3d8       71%         4
 Manifold Assault         Tloc           7%         N/A       71%         4
 Irradiate                Conj/Tmut      11%        3d15      63%         5
 Yara's Violent Unravell  Hex/Tmut       3%         3d4       96%         5
 Dispersal                Tloc           3%         N/A       100%        6
 Enfeeble                 Hex            3%         N/A       100%        7
 Disjunction              Tloc           3%         N/A       100%        8


Dungeon Overview and Level Annotations

Branches:
Dungeon (7/15)             Temple (1/1) D:5

Altars:
Ashenzari
Cheibriados
Dithmenos
Elyvilon
Fedhas
Gozag
Hepliaklqana
Kikubaaqudgha
Nemelex Xobeh
Okawaru
Qazlal
Sif Muna
Trog
Uskayaw
Vehumet
Wu Jian
Xom
Yredelemnul
Zin
The Shining One

Shops:
D:7 *

Annotations:
D:7 1 transporter


Innate Abilities, Weirdness & Mutations

You can breathe blasts of fire.
Your fiery red scales are hard. (AC +7)
You cannot fit into any form of body armour.
Your flesh is heat resistant. (rF+)
You are cold-blooded and may be slowed by cold attacks.


Message History

Vehumet accepts your kill.
Vehumet offers you knowledge of Poisonous Vapours.
The flame wave engulfs the jelly!
The jelly is severely wounded.
The jelly closely misses you.
A wave of flame ripples out!
The flame wave engulfs the jelly!!
You kill the jelly!
Vehumet accepts your kill.
The flame wave engulfs the jelly!
The jelly is almost dead.
You finish channelling waves of flame.
The jelly jiggles.
Your Conjurations skill increases to level 6!
Casting: Flame Wave (dangerous; 5% risk of failure)
Confirm with . or Enter, or press ? or * to list all spells.
You feel a surge of power!
You conjure some foxfire!
Your foxfire is engulfed in acidic fog.
The acid corrodes your foxfire!
The foxfire hits the jelly.
You kill the jelly!
Vehumet accepts your kill.
You feel your power returning.
Your foxfire is engulfed in acidic fog. x2
Your foxfire seems to be corroded for longer.
Your foxfire is engulfed in acidic fog.
Your foxfire seems to be corroded for longer.
Your foxfire is engulfed in acidic fog.
Your foxfire seems to be corroded for longer.
Your foxfire is engulfed in acidic fog. x2
Your foxfire seems to be corroded for longer.
Your foxfire dissipates!
Vehumet grants you knowledge of Poisonous Vapours.
You start memorising the spell.
You continue memorising. x2
You finish memorising.
You add the spell Poisonous Vapours to your library.
Spell assigned to 'f'.
You are engulfed in acidic fog.
There is an open gate here.
You are engulfed in acidic fog.
* * * LOW HITPOINT WARNING * * *
You are engulfed in acidic fog.
You die...

###
#..☼.○.○#..(..##.##.#
#☼○°°°☼°##.##.##.##.#
#○○#©#°°##.##.##.##.#
#°°...○°##..........#
#○☼#.#○○#####.##.####
#°°...°°# #.##.#
####°○○#### #.##.####
#○☼☼☼○☼○○○# #.##.....
#°°○○@°°☼○# #.#######
#○○○☼☼○○○☼# #.#
#☼○°[[$°○☼# #.#
######## #☼○☼)©:°☼☼#
#.# .......#
########### #.#
######.# ##.©..# #.#
##.##### #....#
#.#######
#####......####..#.#
#........
.................^.#
#.#######


There were no monsters in sight!

Vanquished Creatures
  A deep elf zephyrmancer (D:7)
  Grinder (D:4)
  An acid dragon (D:7)
  2 water moccasins (D:7)
  3 black bears
  A sky beast (D:6)
  An orc warrior (D:7)
  An ice beast (D:7)
  An ogre (D:6)
  2 centaurs
  2 phantoms
  A kobold brigand (D:7)
  Blork the orc (D:4)
  2 scorpions (D:5)
  2 howler monkeys
  A hound (D:4)
  3 jellies (D:7)
  2 orc priests
  3 sleepcaps
  Terence (D:3)
  4 iguanas
  8 orc wizards
  7 gnolls (D:5)
  9 adders
  3 white imps
  3 worms
  5 dart slugs
  21 orcs
  7 endoplasms
  5 giant cockroaches
  8 hobgoblins
  4 jackals (D:2)
  9 kobolds
  4 quokkas
  11 ball pythons
  13 bats
  A frilled lizard (D:1)
  7 goblins
  4 rats
165 creatures vanquished.

Vanquished Creatures (others)
  677 foxfires
677 creatures vanquished.

Grand Total: 842 creatures vanquished

Notes
Turn   | Place    | Note
-------+----------+-------------------------------------------
     0 | D:1      | arthad the Draconian Fire Elementalist began the quest for
                  | the Orb.
     0 | D:1      | Reached XP level 1. HP: 14/14 MP: 3/3
   331 | D:1      | Reached XP level 2. HP: 20/20 MP: 0/5
  1174 | D:2      | Reached XP level 3. HP: 26/26 MP: 2/6
  1235 | D:2      | Learned a level 2 spell: Scorch
  1367 | D:2      | Identified the +0 robe "Qocugu" {Drain rPois rF+ MP+9}
  1636 | D:2      | Reached XP level 4. HP: 34/34 MP: 1/7
  2482 | D:3      | Found a broken altar of Ashenzari.
  2483 | D:3      | Found a shimmering altar of Xom.
  2761 | D:3      | Noticed Terence
  2775 | D:3      | Killed Terence
  2776 | D:3      | Reached skill level 1 in Shields
  3018 | D:3      | Reached skill level 1 in Fighting
  3158 | D:4      | Reached XP level 5. HP: 40/40 MP: 1/9
  3394 | D:4      | Noticed Grinder
  3401 | D:4      | Killed Grinder
  3402 | D:4      | Reached skill level 4 in Fire Magic
  3402 | D:4      | Reached XP level 6. HP: 47/47 MP: 3/10
  3670 | D:4      | Your scales start taking on a fiery red colour.
  3670 | D:4      | Reached skill level 5 in Fire Magic
  3670 | D:4      | Reached XP level 7. HP: 55/55 MP: 5/12
  3670 | D:4      | Gained mutation: Your flesh is heat resistant. (rF+) [Red
                  | Draconian growth]
  3675 | D:4      | Learned a level 4 spell: Flame Wave
  4199 | D:4      | Noticed Blork the orc
  4204 | D:4      | Killed Blork the orc
  4205 | D:4      | Reached skill level 6 in Fire Magic
  4806 | D:5      | Entered Level 5 of the Dungeon
  5216 | D:5      | Reached XP level 8. HP: 62/62 MP: 10/14
  5721 | D:5      | Found a staircase to the Ecumenical Temple.
  5729 | Temple   | Entered the Ecumenical Temple
  5748 | Temple   | Became a worshipper of Vehumet
  6638 | D:6      | Reached * piety under Vehumet
  6638 | D:6      | Offered knowledge of Kiss of Death by Vehumet.
  6639 | D:6      | Reached skill level 7 in Fire Magic
  6643 | D:6      | Learned a level 3 spell: Inner Flame
  6647 | D:6      | Learned a level 3 spell: Volatile Blastmotes
  6737 | D:6      | Reached skill level 5 in Conjurations
  7119 | D:6      | Reached skill level 5 in Spellcasting
  7557 | D:7      | Found Pielen's Lightly-Used Armoury.
  7583 | D:7      | Reached XP level 9. HP: 70/70 MP: 7/16
  7594 | D:7      | Found a transporter.
  7999 | D:7      | Noticed a deep elf zephyrmancer
  8003 | D:7      | Killed a deep elf zephyrmancer
  8004 | D:7      | Reached skill level 8 in Fire Magic
  8301 | D:7      | Found a transporter.
  8478 | D:7      | Offered knowledge of Poisonous Vapours by Vehumet.
  8481 | D:7      | Reached ** piety under Vehumet
  8486 | D:7      | Learned a level 2 spell: Poisonous Vapours
  8488 | D:7      | Engulfed by a cloud of acidic fog

Illustrated notes

Levels and vault maps discovered:
D:1:      minmay_arrival_arboretum_small, layout_basic, minmay_close_crescents
D:2:      layout_basic, minmay_diced_spiral
D:3:      layout_rooms, nicolae_overflow_squiral, minmay_misc_feat_ornament,
          uniq_terence
D:4:      layout_layer_cave, serial_glass, glass_columns_a, glass_columns_c,
          glass_columns_b, glass_columns_c, glass_columns_b, glass_columns_a,
          glass_columns_a, glass_columns_b, glass_columns_b, glass_columns_c,
          feat_on_display, nicolae_kite_square_tiling_tiny, chequers_jeans,
          corexii_hall_statues_l, uniq_grinder, uniq_blork_the_orc
D:5:      layout_loops_corners, minmay_temple_entry_arrows
D:6:      layout_basic
D:7:      gammafunk_cloud_chamber, layout_loops_ring, minmay_shop_damaged,
          guppyfry_early_elven_hall
Temple:   dpeg_three_leaves_temple

Skill      XL: |  1  2  3  4  5  6  7  8  9 |
---------------+----------------------------+-----
Stealth        | 2 3 4 |  4.5
Dodging        | 2 3 4 |  4.3
Conjurations   | 2 3 4 5 6 |  6.0
Shields        | 1 2 3 |  3.9
Fighting       | 1 2 3 4 |  4.2
Spellcasting   | 3 4 5 |  5.8
Fire Magic     | 4 5 6 7 8 |  8.2

Action                     |  1- 3 |  4- 6 |  7- 9 || total
---------------------------+-------+-------+-------++-------
  Melee: Unarmed           |     6 |       |       ||     6
         Whip              |       |     3 |       ||     3
         Staff             |       |       |    15 ||    15
         Tailslap          |       |       |     1 ||     1
  Throw: Javelin           |       |     2 |       ||     2
   Cast: Foxfire           |    81 |   112 |   199 ||   392
         Scorch            |       |     4 |    35 ||    39
         Flame Wave        |       |       |     3 ||     3
Ability: Breathe Fire      |       |       |     2 ||     2
    Use: Potion            |       |       |     1 ||     1
 Armour: Skin              |     3 |     5 |    33 ||    41
  Dodge: Dodged            |     6 |     6 |    24 ||    36
  Block: Buckler           |     1 |     3 |     3 ||     7

Table legend: (Time is in decaauts)
 A = Elapsed time spent in this place.
 B = Non-inter-level travel time spent in this place.
 C = Inter-level travel time spent in this place.
 D = Time resting spent in this place.
 E = Time spent auto-exploring this place.
 F = Levels seen in this place.
 G = Mean time per level.
                   A        B        C        D        E       F      G
               +--------+--------+--------+--------+--------+-----+--------+
         Total |   8488 |   8290 |    198 |    125 |   7157 |   8 | 1061.0 |
       Dungeon |   8464 |   8288 |    176 |    125 |   7157 |   7 | 1209.1 |
        Temple |     24 |      2 |     22 |      0 |      0 |   1 |   24.0 |
               +--------+--------+--------+--------+--------+-----+--------+

Top non-repeatable levels by time:
     D:4: 1654 daAuts
     D:5: 1340 daAuts
     D:6: 1226 daAuts
     D:1: 1169 daAuts
     D:7: 1092 daAuts
     D:3: 1014 daAuts
     D:2: 966 daAuts
  Temple: 24 daAuts
